 Dungeon Crawl Stone Soup version 0.18-a0-1782-gb76a692 (webtiles) character file.

90 barb4r1an the Shield-Bearer (level 4, -3/28 HPs)
             Began as a Gargoyle Fighter on Apr 17, 2016.
             Killed by divine providence
             ... invoked by an orc priest
              (10 damage)
             ... on level 2 of the Dungeon.
             The game lasted 00:02:36 (2012 turns).

barb4r1an the Shield-Bearer (Gargoyle Fighter)      Turns: 2012, Time: 00:02:37

Health: -3/28      AC: 10    Str: 19    XL:     4   Next: 56%
Magic:  4/4        EV:  8    Int:  9    God:
Gold:   56         SH:  9    Dex: 10    Spells: 0 memorised, 3 levels left

rFire  . . .     SeeInvis .     a - +0 flail
rCold  . . .     Gourm    .     b - +0 scale mail
rNeg   + . .     Faith    .     c - +0 shield
rPois  ∞         Spirit   .     (no helmet)
rElec  +         Dismiss  .     (no cloak)
rCorr  .         Reflect  .     (no gloves)
SustAt .         Harm     .     (no boots)
MR     .....                    (no amulet)
Stlth  ..........               (no ring)
                                (no ring)

@: not resistant to hostile enchantments, extremely unstealthy
A: negative energy resistance 1, electricity resistance, unbreathing,
petrification resistance, rot immunity, AC +3
a: no special abilities


You were on level 2 of the Dungeon.
You were very hungry.

You visited 1 branch of the dungeon, and saw 4 of its levels.

You collected 56 gold pieces.

Inventory:

Hand Weapons
 a - a +0 flail (weapon)
Armour
 b - a +0 scale mail (worn)
 c - a +0 shield (worn)
Jewellery
 o - an uncursed ring of wizardry {unknown}
Scrolls
 g - a scroll of amnesia {unknown}
 h - 2 scrolls of enchant armour {unknown}
 j - a scroll of immolation {unknown}
 n - 2 scrolls of identify {unknown}
Potions
 d - a potion of might
 e - a potion of heal wounds {unknown}
 i - a potion of curing {unknown}
 p - a potion of cancellation {unknown}
Comestibles
 f - 2 bread rations
 l - a slice of pizza
 m - a royal jelly


   Skills:
 + Level 3.4 Fighting
 + Level 2.5 Maces & Flails
 + Level 3.8 Armour
 + Level 1.4 Dodging
 + Level 4.2 Shields


You had 3 spell levels left.
You didn't know any spells.

Dungeon Overview and Level Annotations

Branches:
Dungeon (4/15)
 Temple: D:4-7

Altars:


Innate Abilities, Weirdness & Mutations

You are resistant to torment.
Your stone body is resilient (AC +3).
You are immune to poison.
You resist negative energy.
You are resistant to electric shocks.
You can survive without breathing.
You are immune to petrification.
You are immune to rotting.


Message History

You barely miss the orc priest. The orc priest hits you.
* * * LOW HITPOINT WARNING * * *
You hit the orc priest.
The orc priest is moderately wounded.
The orc priest calls down the wrath of Beogh upon you.
Pain shoots through your body!
* * * LOW HITPOINT WARNING * * *
The orc priest hits you but does no damage.
You aren't carrying or standing over any spellbooks.
The orc priest hits you but does no damage.
You climb upwards.
There is a stone staircase leading down here.
You sock the orc priest!
The orc priest is severely wounded.
You block the orc priest's attack.
You closely miss the orc priest.
The orc priest is severely wounded.
The orc priest calls down the wrath of Beogh upon you.
Beogh smites you!
You die...

#.# ####### #######.#
####.#####.....##########.......#
.....#.........................[.
...###.##...........#####.......#
...# #..............#####.......#
...# #..........................#
#### #.............#####........#
######.........o.÷.#.....#......#
................@........+......#
##..............)(.......#....#.#
##.......................#....#..
..........#..............######..
#.........#..).....##....######..
#.........#........##............
#................................
#..............................#.
#.##...........................##


You could see an orc priest.

Vanquished Creatures
  2 adders (D:2)
  2 worms (D:2)
  2 dart slugs
  A giant gecko (D:2)
  3 orcs
  4 bats
  2 giant cockroaches (D:1)
  10 goblins
  9 hobgoblins
  5 kobolds
  2 quokkas
  4 giant newts
  8 rats
54 creatures vanquished.

Notes
Turn   | Place    | Note
--------------------------------------------------------------
     0 | D:1      | barb4r1an the Gargoyle Fighter began the quest for the Orb.
     0 | D:1      | Reached XP level 1. HP: 14/14 MP: 1/1
   103 | D:1      | Reached XP level 2. HP: 18/19 MP: 2/2
   553 | D:2      | Reached XP level 3. HP: 23/23 MP: 3/3
   694 | D:2      | Reached skill level 1 in Dodging
   897 | D:2      | You fall through a shaft for 2 floors!
  1182 | D:3      | Reached XP level 4. HP: 28/28 MP: 4/4
  1279 | D:2      | Reached skill level 4 in Shields
  2012 | D:2      | Killed from afar by an orc priest

Vault maps used:
D:1:      dpeg_arrival_yet_another_circle
D:3:      grunt_ashenzari_visionary
D:4:      minmay_temple_entry_butterflies, serial_shops, nicolae_shop_stone,
          shop, nicolae_shop_trees, nicolae_shop_statue_plus, first_bread,
          grunt_pakellas_basics, uniq_eustachio, uniq_menkaure

Skill      XL: |  1  2  3  4 |
---------------+-------------+-----
Dodging        | 1 |  1.4
Shields        | 4 |  4.2
Fighting       | |  3.4
Maces & Flails | |  2.5
Armour         | |  3.8

Action                   |  1- 3 |  4- 6 || total
-------------------------+-------+-------++-------
Melee: Flail             |   181 |    57 ||   238
  Eat: Beef jerky        |       |     2 ||     2
Armor: Scale mail        |   140 |    21 ||   161
Dodge: Dodged            |    68 |    13 ||    81
Block: Shield            |   120 |    26 ||   146
